 Dungeon Crawl Stone Soup version 0.20.0 (webtiles) character file.

25249 shmeve the Fighter (level 12, -11/115 HPs)
             Began as a Minotaur Berserker on May 25, 2017.
             Was the Champion of Trog.
             Killed by divine providence
             ... invoked by a meliai
              (15 damage)
             ... on level 15 of the Dungeon.
             The game lasted 00:26:23 (11081 turns).

shmeve the Fighter (Minotaur Berserker)            Turns: 11081, Time: 00:26:24

Health: -11/115    AC: 25    Str: 27    XL:     12   Next: 87%
Magic:  11/11      EV:  9    Int:  8    God:    Trog [******]
Gold:   218        SH: 19    Dex: 10    Spells: 11/11 levels left

rFire    + . .     SeeInvis .   I - +6 broad axe (flame)
rCold    . . .     Gourm    .   O - +0 large shield
rNeg     . . .     Faith    +   P - +3 plate armour of Kleptomania {*Drain *Slow Regen+ Int+8}
rPois    +         Spirit   .   (helmet restricted)
rElec    .         Reflect  .   v - +4 cloak of the Ant {rPois rF+ Int-4}
rCorr    .         Harm     .   B - +0 pair of gloves (curse)
MR       .....                  L - +0 pair of boots
Stlth    ..........             x - amulet of faith
Regen    0.7/turn               N - ring of poison resistance
MPRegen  0.2/turn               (no ring)

@: lethally poisoned (-11 -> -12), slowed, very slow
A: retaliatory headbutt, horns 2
a: Berserk, Trog's Hand, Brothers in Arms, Burn Spellbooks, Renounce Religion


You were on level 15 of the Dungeon.
You worshipped Trog.
Trog was exalted by your worship.
You were hungry.

You visited 1 branch of the dungeon, and saw 14 of its levels.

You collected 765 gold pieces.
You spent 547 gold pieces at shops.

Inventory:

Hand Weapons
 I - a +6 broad axe of flaming (weapon)
Armour
 v - the +4 cloak of the Ant (worn) {rPois rF+ Int-4}
   (You bought it in a shop on level 4 of the Dungeon)

   It affects your intelligence (-4).
   It protects you from fire.
   It protects you from poison.
 B - a cursed +0 pair of gloves (worn)
 L - a +0 pair of boots (worn)
 O - a +0 large shield (worn)
 P - the +3 plate armour of Kleptomania (worn) {*Drain *Slow Regen+ Int+8}
   (You found it on level 11 of the Dungeon)

   It affects your intelligence (+8).
   It increases your rate of regeneration.
   It causes draining when unequipped.
   It may slow you when you take damage.
Jewellery
 x - an amulet of faith (around neck)
 N - a ring of poison resistance (left hand)
Wands
 a - a wand of digging (20/24)
 t - a wand of digging (10/24)
 G - a wand of disintegration (19/24)
Scrolls
 e - 15 scrolls of identify {unknown}
 f - 4 scrolls of immolation {unknown}
 g - 2 scrolls of magic mapping {unknown}
 h - 7 scrolls of remove curse {unknown}
 k - a scroll of recharging {unknown}
 l - 4 scrolls of amnesia {unknown}
 p - a scroll of blinking {unknown}
 q - 2 scrolls of enchant weapon {unknown}
 r - 5 scrolls of enchant armour {unknown}
 s - 7 scrolls of teleportation {unknown}
 u - 2 scrolls of fog {unknown}
 y - a scroll of vulnerability {unknown}
 D - 2 scrolls of noise {unknown}
 F - a scroll of fear {unknown}
 J - a scroll of summoning {unknown}
 M - a scroll of silence {unknown}
Potions
 b - 2 potions of might {unknown}
 i - 6 potions of magic {unknown}
 j - a potion of berserk rage {unknown}
 m - 2 potions of lignification {unknown}
 n - 3 potions of degeneration {unknown}
 w - a potion of resistance {unknown}
 z - 2 potions of curing {unknown}
 A - 2 potions of flight {unknown}
 E - 2 potions of ambrosia {unknown}
 H - 2 potions of brilliance {unknown}
 K - 2 potions of agility {unknown}
Comestibles
 c - 11 bread rations
 d - 5 meat rations
 o - 4 fruits
 C - 5 royal jellies


   Skills:
 * Level 13.2 Fighting
 * Level 13.2 Axes
 + Level 9.8 Armour
 + Level 9.1 Dodging
 * Level 12.5 Shields


You had 11 spell levels left.
You didn't know any spells.

Dungeon Overview and Level Annotations

Branches:
Dungeon (13/15)            Temple (0/1) D:4            Lair (0/6) D:11
    Orc (0/2) D:12
 Vaults: D:13-14

Altars:

Shops:
D:4 [   D:7 =[[:   D:11 !   D:12 ((=:


Innate Abilities, Weirdness & Mutations

You reflexively headbutt those who attack you in melee.
You have a pair of horns on your head.


Message History

You barely miss the meliai.
You feel sick. The meliai hits you but does no damage.
You block the meliai's attack.
The meliai mumbles some strange prayers to its god against you.
Something smites you!
* * * LOW HITPOINT WARNING * * *
You block the meliai's attack. x2
A meliai comes into view. It is wielding a broad axe.
You closely miss the meliai. Your headbutt misses the meliai.
You feel sick.
The meliai invokes the aid of its god against you.
Something smites you!
* * * LOW HITPOINT WARNING * * *
You block the meliai's attack. x2
Your plate armour of Kleptomania prevents you from hitting the meliai.
You headbutt the meliai!
The meliai is moderately wounded.
You block the meliai's attack.
The meliai stings you but does no damage.
The meliai calls down the wrath of its god upon you.
Something smites you!
You die...

##....#.# #.#
##.....#####.##
##........#..#
##.#####.##.#
#.. #.# ##. #.#
# # #.#
#..##y#####.#
#.[y.@.†....#
#...#.#######
........#
###......
#......
..[..#### #####


You could see 2 meliai.

Vanquished Creatures
  3 hydras
  2 centaur warriors
  A death knight (D:11)
  A two-headed ogre (D:9)
  3 death yaks (D:11)
  2 skeletal warriors (D:11)
  An unseen horror (D:12)
  The ghost of xraymikek the Slasher, a novice FoFi of Hepliaklqana (D:6)
  An ugly thing (D:11)
  A wolf spider zombie (D:15)
  3 deep elf magi (D:12)
  3 cyclopes
  A manticore (D:12)
  2 gargoyles
  2 centaur skeletons
  2 freezing wraiths (D:11)
  3 kobold demonologists (D:10)
  The ghost of FakerFangirl the Cudgeler, an amateur DrFi of Cheibriados (D:4)
  A meliai (D:15)
  4 hippogriffs
  A hornet (D:11)
  Sigmund (D:2)
  2 shadows
  A wyvern (D:9)
  A vampire (D:15)
  3 hogs (D:7)
  A yak (D:7)
  4 hungry ghosts
  A human (D:7)
  2 acid dragons (D:12)
  A soldier ant (D:12)
  Duvessa (D:7)
  A porcupine (D:11)
  6 orc warriors
  A water moccasin (D:12)
  3 ice beasts
  2 necrophages
  2 sky beasts
  A black bear (D:10)
  An eye of draining (D:10)
  6 ogres
  5 centaurs
  3 big kobolds
  The ghost of trickynixon the Conjurer, an amateur DECj of Cheibriados (D:3)
  12 bullfrogs
  Dowan (D:7)
  A wyvern skeleton (D:9)
  A wyvern zombie (D:11)
  3 scorpions
  6 killer bees (D:11)
  An electric eel (D:6)
  5 wights (D:8)
  3 howler monkeys
  7 crimson imps
  7 hounds
  5 jellies
  A quasit (D:12)
  2 bullfrog zombies
  9 orc priests
  2 centaur zombies
  7 orc wizards
  Crazy Yiuf (D:6)
  A bullfrog skeleton (D:8)
  Jessica (D:2)
  6 iguanas
  A hell rat (D:11)
  6 worker ants
  2 killer bee zombies
  A mummy (D:5)
  2 hound skeletons (D:4)
  2 worker ant zombies (D:9)
  A howler monkey skeleton (D:10)
  11 adders
  8 gnolls
  3 shadow imps
  2 oozes
  2 adder zombies
  A worm (D:3)
  3 leopard geckos
  38 orcs
  2 ball pythons
  3 giant cockroaches
  7 hobgoblins
  15 jackals
  2 quokkas
  5 bats
  5 frilled lizards
  8 goblins
  3 hobgoblin zombies (D:5)
  17 kobolds
  A leopard gecko skeleton (D:6)
  An orc zombie (D:5)
  A quokka skeleton (D:7)
  2 quokka zombies (D:5)
  7 rats
  2 butterflies (D:4)
335 creatures vanquished.

Vanquished Creatures (others)
  A centaur (D:10)
  A kobold (D:10)
2 creatures vanquished.

Grand Total: 337 creatures vanquished

Notes
Turn   | Place    | Note
-------+----------+-------------------------------------------
     0 | D:1      | shmeve the Minotaur Berserker began the quest for the Orb.
     0 | D:1      | Reached XP level 1. HP: 19/19 MP: 0/0
   243 | D:1      | Reached XP level 2. HP: 27/27 MP: 1/1
   768 | D:2      | Noticed Sigmund
   777 | D:2      | Killed Sigmund
   777 | D:2      | Reached skill level 5 in Fighting
   777 | D:2      | Reached skill level 5 in Axes
   777 | D:2      | Reached XP level 3. HP: 36/36 MP: 2/2
   777 | D:2      | Reached XP level 4. HP: 42/42 MP: 3/3
   777 | D:2      | Reached XP level 5. HP: 48/48 MP: 4/4
   915 | D:2      | Reached ** piety under Trog
  1193 | D:2      | Noticed Jessica
  1200 | D:2      | Killed Jessica
  1512 | D:3      | Noticed trickynixon's ghost (amateur DECj)
  1535 | D:3      | Killed trickynixon's ghost
  1535 | D:3      | Reached XP level 6. HP: 19/56 MP: 5/5
  1921 | D:3      | Reached *** piety under Trog
  2340 | D:3      | Reached XP level 7. HP: 62/63 MP: 6/6
  2650 | D:4      | Noticed FakerFangirl's ghost (amateur DrFi)
  2667 | D:4      | Killed FakerFangirl's ghost
  2667 | D:4      | Reached skill level 5 in Armour
  3348 | D:4      | Found a staircase to the Ecumenical Temple.
  3428 | D:4      | Found Oloam's Antique Armour Boutique.
  3461 | D:4      | Reached **** piety under Trog
  3544 | D:5      | Entered Level 5 of the Dungeon
  3662 | D:5      | Reached XP level 8. HP: 67/73 MP: 7/7
  4066 | D:5      | Reached skill level 5 in Dodging
  4194 | D:6      | Noticed xraymikek's ghost (novice FoFi)
  4211 | D:6      | Killed xraymikek's ghost
  4269 | D:6      | Reached XP level 9. HP: 75/82 MP: 8/8
  4319 | D:4      | Bought an ancient cloak for 237 gold pieces
  4329 | D:4      | Identified the +4 cloak of the Ant {rPois rF+ Int-4} (You bought it in a shop on level 4 of the Dungeon)
  4329 | D:4      | Lost intelligence.
  4615 | D:6      | Found a runed door.
  4619 | D:6      | Noticed Crazy Yiuf
  4624 | D:6      | Killed Crazy Yiuf
  5031 | D:7      | Found Ethah's Armour Boutique.
  5033 | D:7      | Bought a +0 shield for 58 gold pieces
  5081 | D:7      | Reached skill level 1 in Shields
  5250 | D:7      | Found Adoyk's Antique Armour Emporium.
  5272 | D:7      | Reached ***** piety under Trog
  5317 | D:7      | Noticed Dowan
  5318 | D:7      | Noticed Duvessa
  5326 | D:7      | Killed Duvessa
  5331 | D:7      | Reached skill level 5 in Shields
  5339 | D:7      | Killed Dowan
  5619 | D:7      | Found Cuescheo's Jewellery Shoppe.
  5861 | D:7      | Received a gift from Trog
  5883 | D:7      | Found Otesix's Book Emporium.
  5925 | D:7      | Reached XP level 10. HP: 46/91 MP: 9/9
  6415 | D:8      | Reached skill level 10 in Axes
  6805 | D:9      | Reached skill level 10 in Fighting
  6973 | D:9      | Noticed a two-headed ogre
  6984 | D:9      | Killed a two-headed ogre
  6990 | D:9      | Received a gift from Trog
  8086 | D:10     | Entered Level 10 of the Dungeon
  8134 | D:10     | Reached XP level 11. HP: 99/101 MP: 10/10
  8271 | D:10     | Noticed a centaur warrior
  8279 | D:10     | Killed a centaur warrior
  8279 | D:10     | Reached skill level 10 in Shields
  8612 | D:7      | Bought a distressingly furry ring mail for 252 gold pieces
  8622 | D:7      | Identified the +7 ring mail of the Gate {*Drain Str+6 Dex+5} (You bought it in a shop on level 7 of the Dungeon)
  9083 | D:11     | Noticed a death yak
  9085 | D:11     | Found a staircase to the Lair.
  9085 | D:11     | Noticed a death yak
  9086 | D:11     | Noticed a death yak
  9093 | D:11     | Killed a death yak
  9097 | D:11     | Killed a death yak
  9100 | D:11     | Killed a death yak
  9145 | D:11     | Got an obsidian-studded plate armour
  9156 | D:11     | Identified the +3 plate armour of Kleptomania {*Drain *Slow Regen+ Int+8} (You found it on level 11 of the Dungeon)
  9433 | D:11     | Noticed a green ugly thing
  9439 | D:11     | Killed a green ugly thing
  9546 | D:11     | Reached ****** piety under Trog
  9557 | D:11     | Found Josh's Distillery.
  9570 | D:11     | Noticed a death knight
  9573 | D:11     | Noticed a skeletal warrior
  9573 | D:11     | Noticed a skeletal warrior
  9579 | D:11     | Reached XP level 12. HP: 40/112 MP: 11/11
  9581 | D:11     | Killed a death knight
  9660 | D:11     | Noticed a six-headed hydra
  9667 | D:11     | Killed a two-headed hydra
  9841 | D:12     | Found a staircase to the Orcish Mines.
 10007 | D:12     | Found Fulus's Jewellery Shop.
 10007 | D:12     | Found Cumabe Sosm's Antique Weapon Shop.
 10011 | D:12     | Found Yxamn's Weapon Shop.
 10014 | D:12     | Found Beix Neph's Book Shop.
 10583 | D:12     | Received a gift from Trog
 10806 | D:13     | Noticed a five-headed hydra
 10813 | D:13     | Killed a one-headed hydra
 10924 | D:13     | Noticed a centaur warrior
 10929 | D:13     | Killed a centaur warrior
 10996 | D:13     | You fall through a shaft for 2 floors!
 10996 | D:15     | Entered Level 15 of the Dungeon
 11066 | D:15     | Noticed a seven-headed hydra
 11074 | D:15     | Killed a one-headed hydra
 11080 | D:15     | HP: 3/115 [meliai/divine providence (13)]
 11081 | D:15     | Killed from afar by a meliai

Skill      XL: |  1  2  3  4  5  6  7  8  9 10 11 12 |
---------------+-------------------------------------+-----
Axes           | 5 6 7 8 9 10 12 13 | 13.2
Armour         | 3 4 5 6 7 8 9 |  9.8
Fighting       | 5 6 7 8 9 10 12 13 | 13.2
Dodging        | 3 4 5 6 8 9 |  9.1
Shields        | 8 9 11 12 | 12.5

Action                   |  1- 3 |  4- 6 |  7- 9 | 10-12 || total
-------------------------+-------+-------+-------+-------++-------
Melee: Hand axe          |    51 |   132 |   315 |   247 ||   745
       Headbutt          |     3 |    30 |    61 |   112 ||   206
       Broad axe         |       |       |       |   274 ||   274
Invok: Berserk           |     1 |       |     2 |     4 ||     7
       Burn Spellbooks   |       |       |       |     4 ||     4
       Trog's Hand       |       |       |       |     1 ||     1
 Stab: Distracted        |       |       |       |     1 ||     1
  Eat: Chunk             |       |     6 |    10 |    20 ||    36
       Fruit             |       |       |     1 |     2 ||     3
       Royal jelly       |       |       |     2 |       ||     2
Armor: Chain mail        |    38 |    72 |   111 |       ||   221
       Plate armour      |       |       |    29 |   225 ||   254
       Ring mail         |       |       |       |    15 ||    15
Dodge: Dodged            |    18 |    71 |   166 |   149 ||   404
Block: Shield            |       |       |    40 |   178 ||   218
       Large shield      |       |       |       |   245 ||   245
       Reflection        |       |       |       |     5 ||     5
